Map: Cradle of Death

Players

HahaTTpro

  • Race: Terran Terran
  • Spawn Location: 0:00

HaoHao

  • Race: Zerg Zerg

VOD

Have the link to the VOD?

Description

Time

  • Played on: Aug. 27, 2023, 10:12 a.m.
  • Length: 5:52
Show
View Real Time Build Order
Export as new Build Order

HahaTTpro Terran 

Build Orders:  

Get SALT Encoding   

  12  0:03  SCV  
  13  0:11  Unknown  
  13  0:43  Engineering Bay  
  13  0:52  Supply Depot  
  13  0:56  SCV  
  14  1:10  SCV  
  15  1:22  Supply Depot  
  15  1:36  Factory  
  15  1:42  Supply Depot  
  15  1:47  Refinery  
  15  1:49  SCV  
  16  2:03  SCV  
  17  2:16  SCV, Supply Depot  
  18  2:30  SCV  
  19  2:47  SCV  
  20  2:52  Supply Depot  
  20  3:00  Supply Depot  
  20  3:01  SCV  
  20  3:06  Supply Depot  
  21  3:15  SCV  
  22  3:25  Factory Reactor  
  22  3:29  SCV  
  23  3:40  Factory  
  23  5:28  SCV  
  24  5:35  Factory Tech Lab  
Show
View Real Time Build Order
Export as new Build Order

HaoHao Zerg 

Build Orders:  

Get SALT Encoding   

  12  0:03  Infested SCV  
  13  0:11  Infested SCV  
  13  0:13  Unknown  
  13  0:16  Infested Colonist Compound  
  13  0:18  Infested SCV  
  15  0:31  Overlord  
  15  0:49  Infested Command Center  
  15  0:55  Infested Refinery  
  15  0:57  Overlord  
  15  0:59  Infested SCV  
  16  1:10  Infested SCV  
  17  1:21  Infested SCV  
  18  1:32  Infested Barracks  
  18  1:37  Infested SCV  
  19  1:54  Infested SCV  
  20  2:09  Infested SCV  
  21  2:19  Infested Engineering Bay  
  21  2:25  Infested SCV  
  22  2:33  Infestation Level 1  
  22  2:35  Infested Barracks Tech Lab  
  22  2:46  Infested Refinery  
  22  2:49  Infested SCV  
  23  2:58  Stukov Infantry Weapons Level 1  
  23  3:04  Infested SCV  
  24  3:16  Infested SCV  
  25  3:28  Retinal Augmentation  
  25  3:32  Infested SCV  
  26  3:49  Infested SCV  
  27  4:02  Infested SCV  
  28  4:29  Infested Marine x3  
  31  4:33  Anaerobic Enhancement  
  31  5:10  Infested Command Center  
Tags
 
Add a new tag
Caveats
  • Supply blocks, unpowered buildings, or Contaminate may cause inaccurate times.
  • Supply counts are checked every 10 seconds.